 Dungeon Crawl Stone Soup version 0.29-a0-334-gb41bcbb86e (webtiles) character file.

Game seed: 996208699480418794

40 spaghetti the Ducker (level 3, -4/39 HPs)
             Began as an Octopode Berserker on Apr 13, 2022.
             Was a Believer of Trog.
             Slain by a goblin
             ... wielding a +0 club
             ... led by Robin
              (6 damage)
             ... on level 2 of the Dungeon.
             The game lasted 00:01:52 (1016 turns).

spaghetti the Ducker (Octopode Berserker)           Turns: 1016, Time: 00:01:52

Health: -4/39      AC:  1    Str: 16    XL:     3   Next: 50%
Magic:  3/3        EV: 14    Int:  9    God:    Trog [**....]
Gold:   53         SH:  0    Dex: 13    Spells: 2/2 levels left

rFire   . . .      SeeInvis .   g - +2 demon trident (freeze) {polearm}
rCold   . . .      Faith    .   (no shield)
rNeg    . . .      Spirit   .   (helmet restricted)
rPois   .          Reflect  .   (no amulet)
rElec   .          Harm     .   (no ring)
rCorr   .          Rampage  .   (no ring)
Will    .....                   (no ring)
Stlth   ..........              (no ring)
HPRegen 0.13/turn               (no ring)
MPRegen 0.08/turn               (no ring)
                                (no ring)
                                (no ring)

@: berserking (expiring), very quick
A: almost no armour, amphibious, 8 rings, camouflage 1, gelatinous body 1,
(nimble swimmer 1), tentacles
a: Renounce Religion, Berserk, Trog's Hand


You were on level 2 of the Dungeon.
You worshipped Trog.
Trog was pleased with you.
You visited 1 branch of the dungeon, and saw 2 of its levels.

You collected 53 gold pieces.


Innate Abilities, Weirdness & Mutations

You cannot wear most types of armour.
You are amphibious.
You can wear up to eight rings at the same time.
Your skin changes colour to match your surroundings (Stealth+).
Your rubbery body absorbs attacks. (AC +1, EV +1)
((You are camouflaged when in or above water. (Stealth+)))
You have tentacles for arms and can constrict up to eight enemies at once.


   Skills:
 - Level 3.0 Fighting
 - Level 3.0 Long Blades
 * Level 2.0 Polearms
 + Level 3.1 Dodging
 - Level 2.7 Stealth


You had 2 spell levels left.
You didn't know any spells.
Your spell library was empty.

Inventory:

Hand Weapons
 a - a +0 falchion {long}
 g - a +2 demon trident of freezing (weapon) {polearm}
   (You found it on level 1 of the Dungeon)
Missiles
 c - 4 poisoned darts (quivered) {throwing}
 d - 5 stones {throwing}
 l - a throwing net {=f!fthrowing}
Scrolls
 b - a scroll of fog {unknown}
 f - a scroll of teleportation {unknown}
 i - a scroll of blinking {unknown}
 m - a scroll of magic mapping {unknown}
 n - a scroll of summoning {unknown}
Potions
 e - a potion of attraction {unknown}
 h - 2 potions of curing {unknown}
 j - a potion of flight {unknown}
 k - a potion of brilliance {unknown}
 o - a potion of heal wounds {unknown}

Dungeon Overview and Level Annotations

Branches:
Dungeon (2/15)

Altars:

Annotations:
D:2 Robin

#....#'#...........
#....#.#..<....#....
#......##...###.....
...........>.........
####.................
#.................
#.................
#........)g.....##
#.......†@........
###.....ggg.......
........g.)......
.$........))......
........g..$......
...##............ ..
#............
#..g.........
#............


You could see Robin and 6 goblins.


Message History

You open the door.
There is an open door here.
A ball python comes into view.
A ball python is nearby!
A ball python is nearby!
Okay, then.
The ball python hisses angrily.
You reach to attack!
You puncture the ball python!
The ball python seems to slow down.
You freeze the ball python.
You kill the ball python!
Trog accepts your kill.
No target in view!
No target in view!
No target in view!
No target in view!
No target in view!
No target in view!
No target in view!
No target in view!
No target in view!
A goblin comes into view. It is wielding a +0 club.
A goblin is nearby!
A goblin is nearby! 2 goblins come into view.
Robin and 2 goblins come into view.
You reach to attack!
You hit the goblin. You freeze the goblin.
Robin shouts!
You hear a shout! x2; The goblin shouts!
Robin roars a battlecry!
The goblins go into a battle-frenzy!
The goblin shouts!
You hear a shout!
You hit the goblin. You freeze the goblin.
You kill the goblin!
Trog accepts your kill.
You hear a shout!
Robin throws the goblin at you!
The goblin shouts! x2
You puncture the goblin! You freeze the goblin.
You kill the goblin!
Trog accepts your kill.
A goblin comes into view. It is wielding a +0 club.
Your Polearms skill increases to level 2!
You reach to attack!
You closely miss the goblin.
A goblin comes into view. It is wielding a +0 club.
A goblin comes into view. It is wielding a +1 dagger of draining.
The goblin hits you with a +0 club.
A goblin comes into view. It is wielding a +0 club.
You are too injured to fight recklessly!
You are too injured to fight recklessly!
You are too injured to fight recklessly!
You are too injured to fight recklessly!
You are too injured to fight recklessly!
You are too injured to fight recklessly! 😕 HP[-6]
You take 6 damage, and now have 20/26 hp.
MASSIVE DAMAGE!! (PAUSE)
A red film seems to cover your vision as you go berserk!
You feel yourself moving faster!
You feel mighty! Robin throws the goblin at you! The goblin barely misses you.
The goblin misses you.
The goblin hits you with a +0 club. 😮 HP[+4]
You now have 39 max hp (+13).
You regained 4 hp, and now have 24/39 hp.
You puncture the goblin! You freeze the goblin.
You kill the goblin!
Trog accepts your kill.
You closely miss the goblin. You grab the goblin. You constrict the goblin.
The goblin closely misses you. The goblin barely misses you.
You barely miss the goblin. You squeeze the goblin.
You kill the goblin!
Trog accepts your kill. Robin throws the goblin at you!
The goblin completely misses you. The goblin barely misses you.
The goblin hits you with a +0 club.
* * * LOW HITPOINT WARNING * * *
😨 HP[-6]
You take 6 damage, and now have 18/39 hp.
You barely miss the goblin. Your grab misses the goblin.
The goblin hits you with a +0 club.
* * * LOW HITPOINT WARNING * * *
A goblin comes into view. It is wielding a +0 dagger.
The goblin hits you with a +0 club.
* * * LOW HITPOINT WARNING * * *
😨 HP[-8]
You take 8 damage, and now have 10/39 hp.
MASSIVE DAMAGE!! (PAUSE)
You feel a strong urge to attack something.
Robin throws the goblin at you!
* * * LOW HITPOINT WARNING * * *
The goblin hits you with a +0 club.
* * * LOW HITPOINT WARNING * * *
The goblin barely misses you. 😱 HP[-7]
You take 7 damage, and now have 3/39 hp.
You barely miss the goblin. Your grab misses the goblin.
You squeeze the goblin.
You kill the goblin!
Trog accepts your kill. Robin throws the goblin at you!
The goblin hits you with a +0 dagger.
* * * LOW HITPOINT WARNING * * *
The goblin misses you. x2; The goblin hits you with a +0 club.
You die...

Skill      XL: |  1  2  3 |
---------------+----------+-----
Stealth        | 2 |  2.7
Polearms       | 1 2 |  2.0
Fighting       | |  3.0
Long Blades    | |  3.0
Dodging        | |  3.1

Action                   || total
-------------------------++-------
Melee: Falchion          ||    12
       Constrict         ||    10
       Tentacles         ||     7
       Demon trident     ||    42
Invok: Berserk           ||     1
 Stab: Sleeping          ||     7
Armor: Skin              ||     3
Dodge: Dodged            ||    33

Levels and vault maps discovered:
D:1:      dpeg_arrival_pits, layout_loops_ring, corexii_leaking_fountain
D:2:      layout_basic, grunt_decor_cap, uniq_robin, uniq_jessica, uniq_terence

Notes
Turn   | Place    | Note
-------+----------+-------------------------------------------
     0 | D:1      | spaghetti the Octopode Berserker began the quest for the
                  | Orb.
     0 | D:1      | Reached XP level 1. HP: 16/16 MP: 1/1
     0 | D:1      | magus.rc [v1.9.6]
    45 | D:1      | Reached skill level 1 in Stealth
    53 | D:1      | Reached skill level 2 in Stealth
   171 | D:1      | Reached XP level 2. HP: 15/21 MP: 2/2
   592 | D:1      | Reached skill level 1 in Polearms
   702 | D:1      | Reached XP level 3. HP: 24/26 MP: 3/3
   761 | D:1      | Reached ** piety under Trog
  1004 | D:2      | Noticed Robin
  1008 | D:2      | Reached skill level 2 in Polearms
  1015 | D:2      | HP: 9/39 [Robin/goblin (2)]
  1015 | D:2      | HP: 3/39 [goblin/+0 club[Robin] (6)]
  1016 | D:2      | Slain by a goblin

Vanquished Creatures
  2 dart slugs (D:1)
  5 ball pythons
  2 bats (D:1)
  An endoplasm (D:1)
  3 giant cockroaches (D:1)
  3 hobgoblins (D:1)
  4 jackals (D:1)
  A frilled lizard (D:1)
  9 goblins
  2 kobolds (D:1)
  A rat (D:1)
33 creatures vanquished.

Table legend:
 A = Non-vault XP
 B = Vault XP
 C = Vault XP percentage of total XP
 D = Non-vault monster count
 E = Vault monster count
 F = Vault count percentage of total count
                 A         B        C        D         E       F
            +---------+---------+-------+---------+---------+-------
      Total |      50 |      10 |  16.7 |      28 |       5 |  15.2
            +---------+---------+-------+---------+---------+-------
        D:1 |      49 |       0 |   0.0 |      27 |       0 |   0.0
        D:2 |       1 |      10 |  90.9 |       1 |       5 |  83.3
            +---------+---------+-------+---------+---------+-------

Illustrated notes

Table legend:
 A = Kills in this place as a percentage of kills in entire the game.
 B = Kills by you in this place as a percentage of kills by you in the entire game.
 C = Kills by friends in this place as a percentage of kills by friends in the entire game.
 D = Other kills in this place as a percentage of other kills in the entire game.
 E = Experience gained in this place as a percentage of experience gained in the entire game.
 F = Experience gained in this place divided by the number of levels of this place that you have seen.
                   A       B       C       D       E      F
               +-------+-------+-------+-------+-------+----------------------
         Total | 100.0 | 100.0 |   N/A |   N/A | 100.0 |  30.0
       Dungeon | 100.0 | 100.0 |   N/A |   N/A | 100.0 |  30.0
               +-------+-------+-------+-------+-------+----------------------

Table legend: (Time is in decaauts)
 A = Elapsed time spent in this place.
 B = Non-inter-level travel time spent in this place.
 C = Inter-level travel time spent in this place.
 D = Time resting spent in this place.
 E = Time spent auto-exploring this place.
 F = Levels seen in this place.
 G = Mean time per level.
                   A        B        C        D        E       F      G
               +--------+--------+--------+--------+--------+-----+--------+
         Total |   1024 |   1010 |     14 |    375 |    464 |   2 |  512.0 |
       Dungeon |   1024 |   1010 |     14 |    375 |    464 |   2 |  512.0 |
               +--------+--------+--------+--------+--------+-----+--------+

Top non-repeatable levels by time:
     D:1: 996 daAuts
     D:2: 27 daAuts
